 Dungeon Crawl Stone Soup version 0.30.1-3-gfc49f6343a (webtiles) character file.

Game seed: 1196236118849457600

2 Atelerd the Digger (level 1, -2/11 HPs)
             Began as an Octopode Earth Elementalist on July 24, 2023.
             Slain by a goblin
             ... wielding a +0 dagger
              (3 damage)
             ... on level 1 of the Dungeon.
             The game lasted 00:00:07 (57 turns).

Atelerd the Digger (Octopode Earth Elementalist)      Turns: 57, Time: 00:00:07

Health: -2/11      AC:  1    Str:  7    XL:     1   Next: 30%
Magic:  0/3        EV: 13    Int: 17    God:
Gold:   0          SH:  0    Dex: 12    Spells: 3/4 levels left

rFire   . . .        (no weapon)
rCold   . . .        (no shield)
rNeg    . . .        (helmet restricted)
rPois   .            (no amulet)
rElec   .            (no ring)
rCorr   .            (no ring)
SInv    .            (no ring)
Will    .....        (no ring)
Stlth   +++          (no ring)
HPRegen 0.21/turn    (no ring)
MPRegen 0.08/turn    (no ring)
                     (no ring)

%: no passive effects
@: no status effects
A: almost no armour, amphibious, 8 rings, camouflage 1, gelatinous body 1,
(nimble swimmer 1), tentacles
a: no special abilities


You were on level 1 of the Dungeon.
You visited 1 branch of the dungeon, and saw 1 of its levels.

Inventory:

Scrolls
 b - a scroll of blinking {unknown}
 c - a scroll of butterflies {unknown}
Potions
 a - a potion of magic


   Skills:
 + Level 2.0 Dodging
 + Level 2.6 Stealth
 + Level 2.0 Spellcasting
 + Level 1.0 Transmutations
 + Level 3.1 Earth Magic


You had 3 spell levels left.
You knew the following spells:

 Your Spells              Type           Power      Damage    Failure   Level
a - Sandblast             Erth           24%        2d8       5%          1

Your spell library contained the following spells:

 Spells                   Type           Power      Damage    Failure   Level
 Passwall                 Tmut/Erth      6%         N/A       13%         2
 Stone Arrow              Conj/Erth      14%        3d7       30%         3
 Petrify                  Tmut/Erth      8%         N/A       63%         4


Dungeon Overview and Level Annotations

Branches:
Dungeon (1/15)

Altars:


Innate Abilities, Weirdness & Mutations

You cannot wear most types of armour.
You are amphibious.
You can wear up to eight rings at the same time.
Your skin changes colour to match your surroundings (Stealth+).
Your rubbery body absorbs attacks. (AC +1, EV +1)
((You are camouflaged when in or above water. (Stealth+)))
You have tentacles for arms and can constrict up to eight enemies at once.


Message History

A hobgoblin is nearby!
A jackal comes into view.
The blast of sand hits the jackal.
The jackal is heavily wounded.
The jackal barks!
You hear a bark!
The hobgoblin shouts!
A jackal comes into view.
The jackal bites you.
You hear a bark!
There are monsters nearby!
You tentacle-slap the jackal but do no damage.
You grab the jackal.
The jackal is heavily wounded.
You constrict the jackal. The jackal bites you. The jackal closely misses you.
The jackal barely misses you. The hobgoblin barely misses you.
The blast of sand hits the jackal.
You kill the jackal!
The jackal bites you. The hobgoblin barely misses you.
The jackal closely misses you.
There are monsters nearby!
You closely miss the goblin. You grab the goblin. You constrict the goblin.
The hobgoblin hits you.
* * * LOW HITPOINT WARNING * * *
The goblin closely misses you. The jackal misses you.
You are too injured to fight recklessly!
You are too injured to fight recklessly!
There are monsters nearby!
You are too injured to fight recklessly!
There are monsters nearby!
You are too injured to fight recklessly!
There are monsters nearby!
Unknown command.
Casting: Sandblast (safe; 5% risk of failure)
Confirm with . or Enter, or press ? or * to list all spells.
You don't have enough magic to cast this spell.
Unknown command.
Unknown command.
Unknown command.
You release your grip on the goblin.
The goblin attacks as you move away! The goblin hits you with a +0 dagger.
You die...

###... ..#.g. .#
########.##.# .#
.......#.##.# .# ##
#.####.#.##.# ##.#$.
.....#.#....# #... #
####.#.#.#.=####.###.#
...#.#.#.##....g..[..#
...#.#.#.##.####@g...#
.<.#.#.'.##.# #h.###.#
...#.#.#.#........
...#.#.#.#......###
####.#.#.###.##.
.....#.#.# #.##.
#.####.#.. # #.
.......#.# ..
########.#


You could see a jackal, a hobgoblin and a goblin.

Vanquished Creatures
  A jackal (D:1)
  A ball python (D:1)
2 creatures vanquished.

Notes
Turn   | Place    | Note
-------+----------+-------------------------------------------
     0 | D:1      | Atelerd the Octopode Earth Elementalist began the quest for
                  | the Orb.
     0 | D:1      | Reached XP level 1. HP: 11/11 MP: 3/3
    57 | D:1      | Slain by a goblin

Illustrated notes

Levels and vault maps discovered:
D:1:      matt_arrival_refuge, layout_loops_ring, kennysheep_nondescript,
          minmay_tromino_i2

Action                     || total
---------------------------++-------
  Melee: Unarmed           ||     2
         Constrict         ||     2
   Cast: Sandblast         ||     3
  Dodge: Dodged            ||     7
